 Dungeon Crawl Stone Soup version 0.19.5 (webtiles) character file.

23 uhmor the Caller (level 2, -4/20 HPs)
             Began as a Centaur Summoner on May 10, 2017.
             Slain by a worm (6 damage)
             ... on level 2 of the Dungeon.
             The game lasted 00:11:04 (745 turns).

uhmor the Caller (Centaur Summoner)                  Turns: 745, Time: 00:11:05

Health: -4/20      AC:  5    Str: 10    XL:     2   Next: 72%
Magic:  0/4        EV:  8    Int: 14    God:
Gold:   66         SH:  0    Dex:  9    Spells: 1 memorised, 3 levels left

rFire  . . .     SeeInvis .     r - +0 mace
rCold  . . .     Gourm    .     k - +0 ring mail
rNeg   . . .     Faith    .     (no shield)
rPois  .         Spirit   .     (no helmet)
rElec  .         Reflect  .     (no cloak)
rCorr  .         Harm     .     (no gloves)
MR     .....                    (no barding)
Stlth  ..........               (no amulet)
                                (no ring)
                                (no ring)

@: very slightly contaminated, very quick
A: hooves 3, deformed body, speed 2, tough skin 3
a: no special abilities


You were on level 2 of the Dungeon.
You were not hungry.

You visited 1 branch of the dungeon, and saw 2 of its levels.

You collected 66 gold pieces.

Inventory:

Hand Weapons
 e - a +0 whip
 l - a +0 club
 q - a +0 short sword
 r - a +0 mace (weapon)
Missiles
 f - 51 stones (quivered)
Armour
 a - a +0 robe
 g - a +0 leather armour
 k - a +0 ring mail (worn)
 n - a +0 ring mail
 o - a +0 leather armour
Scrolls
 d - a scroll of remove curse {unknown}
 m - 2 scrolls of fear {unknown}
 p - a scroll of teleportation {unknown}
 s - a scroll of fog {unknown}
 t - a scroll of identify {unknown}
 u - a scroll of noise {unknown}
Potions
 i - a potion of curing {unknown}
Books
 b - a book of Callings

   Spells                             Type                      Level
   a - Summon Small Mammal            Summoning                    1
   b - Call Imp                       Summoning                    2
   c - Call Canine Familiar           Summoning                    3
   d - Summon Guardian Golem          Hexes/Summoning              3
   e - Summon Lightning Spire         Summoning/Air                4
   f - Summon Ice Beast               Ice/Summoning                4
Comestibles
 c - a bread ration
 h - a chunk of flesh
 j - a meat ration


   Skills:
 + Level 0.2 Armour
 + Level 1.4 Dodging
 + Level 1.2 Stealth
 + Level 1.8 Spellcasting
 + Level 4.1 Summonings


You had 3 spell levels left.
You knew the following spells:

 Your Spells              Type           Power        Failure   Level  Hunger
a - Summon Small Mammal   Summ           ##..         12%         1    ##.....


Dungeon Overview and Level Annotations

Branches:
Dungeon (2/15)

Altars:


Innate Abilities, Weirdness & Mutations

You have hooves in place of feet.
Armour fits poorly on your strangely shaped body.
You cover ground very quickly.
You have extremely tough skin. (AC +3)


Message History

The worm barely misses your bat.
Your bat hits the worm. The worm bites your bat!
Your bat dies!
Your bat's corpse disappears in a puff of smoke!
Casting: Summon Small Mammal
Confirm with . or Enter, or press ? or * to list all spells.
You miscast Summon Small Mammal.
You are very lightly contaminated with residual magic.
Nothing appears to happen.
The worm bites you.
* * * LOW HITPOINT WARNING * * *
You hit the worm. You kick the worm, but do no damage.
The worm is lightly wounded.
The worm bites you.
* * * LOW HITPOINT WARNING * * *
You hit the worm.
The worm is lightly wounded.
The worm bites you.
You die...

#.#... ...### #.#.##
#.... # #....## #..#
#
###.##.....####..##.#
......<.............#
######.....####..##.#
#####....## #..#
#.......## #..#
#..####...# #@.# ..
###..# #w.##.#...
#..# #....>....
#..##.##...... #.##.#
...... #.##.# ##.##
+.§#.# # #..†.#
#[##(#


You could see a worm.

Vanquished Creatures
  2 leopard geckos
  A giant cockroach (D:1)
  A goblin (D:1)
  3 hobgoblins (D:1)
  A kobold (D:1)
  3 rats
11 creatures vanquished.

Vanquished Creatures (collateral kills)
  A leopard gecko (D:1)
  2 giant cockroaches (D:1)
  2 goblins (D:1)
  A hobgoblin (D:1)
  2 jackals (D:1)
  A kobold (D:1)
  2 bats (D:1)
  A frilled lizard (D:1)
  A rat (D:1)
13 creatures vanquished.

Grand Total: 24 creatures vanquished

Notes
Turn   | Place    | Note
-------+----------+-------------------------------------------
     0 | D:1      | uhmor the Centaur Summoner began the quest for the Orb.
     0 | D:1      | Reached XP level 1. HP: 14/14 MP: 3/3
   316 | D:1      | Reached skill level 4 in Summonings
   316 | D:1      | Reached XP level 2. HP: 19/20 MP: 2/4
   745 | D:2      | Slain by a worm

Skill      XL: |  1 |
---------------+----+-----
Summonings     | 4 |  4.1
Armour         | |  0.2
Dodging        | |  1.4
Stealth        | |  1.2
Spellcasting   | |  1.8

Action                   || total
-------------------------++-------
Melee: Whip              ||    19
       Unarmed           ||     4
       Kick              ||     7
       Mace              ||    30
 Cast: Summon Small Mamm ||    27
 Stab: Distracted        ||     1
Armor: Ring mail         ||    17
       Leather armour    ||     2
       Robe              ||     1
Dodge: Dodged            ||    36
